 Dungeon Crawl Stone Soup version 0.18-a0-23-g19353e1 (webtiles) character file.

172 4thArraOfDagon the Skirmisher (level 5, -1/57 HPs)
             Began as an Ogre Wanderer on Nov 1, 2015.
             Was a Priest of Cheibriados.
             Engulfed by a cloud of flame (21 damage)
             ... on level 4 of the Dungeon on Nov 2, 2015.
             The game lasted 00:07:05 (1160 turns).

4thArraOfDagon the Skirmisher (Ogre Wanderer)       Turns: 1160, Time: 00:07:05

Health: -1/57      AC:  3    Str: 21 (23) XL:     5   Next: 53%
Magic:  4/8        EV:  9    Int: 18      God:    Cheibriados [***...]
Gold:   108        SH:  0    Dex: 15      Spells: 0 memorised, 8 levels left

rFire  . . .     SeeInvis .     l - +0 morningstar
rCold  + . .     Clarity  +     d - +0 robe
rNeg   . . .     SustAt   .     (no shield)
rPois  .         Gourm    .     (helmet restricted)
rElec  .         Spirit   .     (no cloak)
rCorr  .         Warding  .     (gloves unavailable)
rMut   .         Stasis   .     (boots unavailable)
MR     .....                    k - amulet of clarity
Stlth  +.........               (no ring)
                                c - ring of protection from cold

@: lethally poisoned (-1 -> -17), very slow, not resistant to hostile
enchantments, very unstealthy
A: unfitting armour, tough skin 1
a: Bend Time, Temporal Distortion, Renounce Religion


You were on level 4 of the Dungeon.
You worshipped Cheibriados.
Cheibriados was most pleased with you.
You were not hungry.

You visited 1 branch of the dungeon, and saw 4 of its levels.

You collected 108 gold pieces.

Inventory:

Hand Weapons
 l - a +0 morningstar (weapon)
Missiles
 j - 3 large rocks (quivered)
Armour
 d - a +0 robe (worn)
Jewellery
 c - a ring of protection from cold (left hand)
 k - an amulet of clarity (around neck)
Scrolls
 f - 3 scrolls of remove curse
Books
 a - a book of Changes

   Spells                             Type                      Level
   a - Beastly Appendage              Transmutation                1
   b - Sticks to Snakes               Transmutation                2
   c - Spider Form                    Transmutation/Poison         3
   d - Ice Form                       Ice/Transmutation            4
   e - Blade Hands                    Transmutation                5
 b - Boogh's Tome of Summoning

   Spells                             Type                      Level
   a - Summon Butterflies             Summoning                    1
   b - Call Canine Familiar           Summoning                    3
Comestibles
 e - a bread ration
 g - a chunk of flesh


   Skills:
 - Level 5.3 Fighting
 * Level 5.3 Maces & Flails
 - Level 0.6 Dodging
 - Level 2.4 Spellcasting
   Level 2.1 Transmutations
 - Level 0.4 Invocations
   Level 1.5 Evocations


You had 8 spell levels left.
You didn't know any spells.

Dungeon Overview and Level Annotations

Branches:
Dungeon (4/15)
 Temple: D:4-7

Altars:
Cheibriados
Vehumet


Innate Abilities, Weirdness & Mutations

You are too large for most types of armour.
You have tough skin (AC +1).


Message History

The large rock hits the scorpion but does no damage.
You feel sick. The jackal barely misses you.
The scorpion stings you but does no damage.
The jackal bites you but does no damage.
Throwing (i - inventory):
j - 4 large rocks (quivered)
Press: ? - help, Shift-Dir - straight line, f/p - scorpion
Aim: a scorpion (inner flame)
You throw a large rock.
The large rock barely misses the scorpion.
The large rock hits the jackal!
The jackal explodes!
The fiery explosion engulfs the scorpion.
The scorpion explodes!
The fiery explosion engulfs you!
Cheibriados appreciates the change of pace.
Your Maces & Flails skill increases to level 5!
Cheibriados thoroughly appreciates the change of pace.
You can now warp the flow of time around you.
You are engulfed in roaring flames.
You die...

##l #.. #.# #.#
..######
#......##
...######........
#..§§(@hl..).#
....§####.#..##
... #....# .
###....#
###...#..#
#.....##.#
#.##.## ..# # #.#
.... ##.# .###


You could see an iguana (inner flame) and a jackal (inner flame).

Vanquished Creatures
  A scorpion (D:4)
  6 adders
  An ooze (D:4)
  A worm (D:3)
  A giant gecko (D:3)
  6 orcs (D:3)
  7 bats
  3 giant cockroaches
  10 hobgoblins
  8 kobolds
  A quokka (D:4)
  A ball python (D:2)
  3 giant newts
  7 goblins
  5 jackals
  6 rats
67 creatures vanquished.

Notes
Turn   | Place    | Note
--------------------------------------------------------------
     0 | D:1      | 4thArraOfDagon the Ogre Wanderer began the quest for the Orb.
     0 | D:1      | 4thArraOfDagon set off with: a book of Changes, Boogh's Tome of Summoning, a +0 spear, a +0 robe, a bread ration
     0 | D:1      | Reached XP level 1. HP: 24/24 MP: 3/3
    40 | D:1      | Identified Boogh's Tome of Summoning
    98 | D:2      | Found a radiant altar of Vehumet.
   122 | D:2      | Reached XP level 2. HP: 19/33 MP: 5/5
   133 | D:2      | Reached skill level 5 in Fighting
   147 | D:2      | Found a snail-covered altar of Cheibriados.
   152 | D:2      | Became a worshipper of Cheibriados the Contemplative
   326 | D:1      | Reached XP level 3. HP: 30/42 MP: 6/6
   381 | D:1      | Reached * piety under Cheibriados
   469 | D:1      | Reached skill level 1 in Maces & Flails
   539 | D:2      | Found a faded altar to an unknown god.
   590 | D:2      | Upgraded the game from 0.18-a0-19-g8b99b3a to 0.18-a0-23-g19353e1
   673 | D:2      | Reached ** piety under Cheibriados
   673 | D:2      | Reached XP level 4. HP: 48/50 MP: 7/7
  1022 | D:3      | Reached XP level 5. HP: 38/57 MP: 8/8
  1134 | D:4      | Reached *** piety under Cheibriados
  1160 | D:4      | Reached skill level 5 in Maces & Flails
  1160 | D:4      | Engulfed by a cloud of flame

Vault maps used:
D:1:      grunt_arrival_crossed_arrows
D:2:      lemuel_crystal_altar, cheibriados_altar_1, ecumenical_altar_2
D:3:      minmay_distorted
D:4:      grunt_temple_overflow_cloverleaf, hex_large, uniq_pikel

Action                   |  1- 3 |  4- 6 || total
-------------------------+-------+-------++-------
Melee: Spear             |   116 |    56 ||   172
       Morningstar       |       |    20 ||    20
Throw: Large rock        |     6 |    11 ||    17
Invok: Temporal Distorti |       |     1 ||     1
  Use: Scroll            |     2 |     4 ||     6
       Potion            |     1 |     3 ||     4
 Stab: Sleeping          |       |     2 ||     2
